 Dungeon Crawl Stone Soup version 0.20-a0-633-gff4aa5c (webtiles) character file.

231 polly the Magician (level 5, -3/28 HPs)
             Began as a Deep Elf Wizard on Feb 12, 2017.
             Killed from afar by an orc wizard (10 damage)
             ... with a magic dart
             ... on level 3 of the Dungeon.
             The game lasted 00:10:53 (4179 turns).

polly the Magician (Deep Elf Wizard)                Turns: 4179, Time: 00:10:54

Health: -3/28      AC:  3    Str:  4    XL:     5   Next: 72%
Magic:  0/16       EV: 13    Int: 24    God:
Gold:   209        SH:  0    Dex: 13    Spells: 14/17 levels left

rFire    . . .     SeeInvis .   q - +6 club
rCold    . . .     Gourm    .   m - +0 robe (curse)
rNeg     . . .     Faith    .   (no shield)
rPois    .         Spirit   .   b - +0 hat
rElec    .         Reflect  .   f - +0 cloak
rCorr    .         Harm     .   (no gloves)
MR       .....                  (no boots)
Stlth    ++........             (no amulet)
Regen    0.1/turn               (no ring)
                                (no ring)

@: no status effects
A: no striking features
a: no special abilities


You were on level 3 of the Dungeon.
You were hungry.

You visited 1 branch of the dungeon, and saw 4 of its levels.

You collected 209 gold pieces.

Inventory:

Hand Weapons
 q - a +6 club (weapon)
Armour
 b - a +0 hat (worn)
 f - a +0 cloak (worn)
 m - a cursed +0 robe (worn)
Wands
 s - a wand of clouds (6/9)
Scrolls
 a - a scroll of recharging {unknown}
 g - 4 scrolls of identify {unknown}
 j - 3 scrolls of remove curse {unknown}
 k - a scroll of teleportation {unknown}
 o - a scroll of immolation {unknown}
Potions
 e - 2 potions of heal wounds {unknown}
 h - 4 potions of curing {unknown}
 l - a potion of might {unknown}
 p - a potion of haste {unknown}
Books
 c - a book of Minor Magic

   Spells                             Type                      Level
   a - Magic Dart                     Conjuration                  1
   b - Blink                          Translocation                2
   c - Call Imp                       Summoning                    2
   d - Slow                           Hexes                        2
   e - Conjure Flame                  Conjuration/Fire             3
   f - Mephitic Cloud                 Conjuration/Poison/Air       3
 n - a book of Cantrips

   Spells                             Type                      Level
   a - Confusing Touch                Hexes                        1
   b - Animate Skeleton               Necromancy                   1
   c - Summon Small Mammal            Summoning                    1
   d - Apportation                    Translocation                1
Comestibles
 d - a bread ration
 i - a royal jelly
 r - a fruit


   Skills:
 + Level 3.3 Dodging
 + Level 3.5 Stealth
 + Level 6.7 Spellcasting
 + Level 3.5 Conjurations
   Level 1.1 Summonings
 + Level 1.1 Translocations


You had 14 spell levels left.
You knew the following spells:

 Your Spells              Type           Power        Failure   Level  Hunger
a - Magic Dart            Conj           ###.         1%          1    None
b - Animate Skeleton      Necr           N/A          10%         1    None
c - Apportation           Tloc           ##....       6%          1    None


Dungeon Overview and Level Annotations

Branches:
Dungeon (4/15)
 Temple: D:4-7

Altars:

Annotations:
D:4 Dragonjude's ghost, weakling DsWn


Message History

The orc wizard mumbles some strange words.
The orc wizard blinks!
The orc wizard casts a spell at you. The magic dart hits you!
The orc wizard casts a spell.
The orc wizard blinks!
Casting: Magic Dart
Confirm with . or Enter, or press ? or * to list all spells.
Aiming: Magic Dart
Press: ? - help, Shift-Dir - straight line, f - orc wizard, p - orc
Aim: an orc wizard, wielding a dagger and wearing a robe (lightly wounded, fast)
The magic dart hits the orc wizard.
The orc wizard is moderately wounded.
The orc wizard points at you and mumbles some strange words.
You resist with some effort. The orc wizard hits you with a dagger.
* * * LOW HITPOINT WARNING * * *
The orc wizard gestures at you while chanting.
The magic dart hits you!
You die...

.#.##...## ##..#...####)###...##.
.#.##.(..###...#...# #.#####....
....(......#...#.(.## #.(####....
##.##..##........#..####....#..##
#.##..).............######....#
#.##.##.(............## #..#..#
#.##.#..(.............# #..#.##
#(.#.#.#....(..(.o....###....###
##.#.#.#.>.....@.o.....[..ยง.....
#.#...#................##.#....
.......).............####.#.##.
.....................##.oo.....
.....................##........
............##.......##........
##..........#.......###........
#...>............#...##)######
#............. >.......#


You could see an orc wizard and an orc.

Vanquished Creatures
  Jessica (D:2)
  Robin (D:3)
  5 gnolls (D:3)
  3 adders
  5 worms
  2 dart slugs
  7 leopard geckos
  3 orcs (D:3)
  A ball python (D:3)
  10 bats
  2 giant cockroaches
  17 goblins
  12 hobgoblins
  2 jackals (D:1)
  8 kobolds
  5 frilled lizards
  8 rats
92 creatures vanquished.

Vanquished Creatures (others)
  A plant (D:1)
1 creature vanquished.

Grand Total: 93 creatures vanquished

Notes
Turn   | Place    | Note
-------+----------+-------------------------------------------
     0 | D:1      | polly the Deep Elf Wizard began the quest for the Orb.
     0 | D:1      | Reached XP level 1. HP: 10/10 MP: 7/7
   128 | D:1      | Reached XP level 2. HP: 10/15 MP: 1/9
   147 | D:1      | Reached skill level 5 in Spellcasting
   945 | D:1      | Reached XP level 3. HP: 19/19 MP: 8/11
  1790 | D:2      | Reached XP level 4. HP: 24/24 MP: 9/13
  1855 | D:2      | Learned a level 1 spell: Animate Skeleton
  1857 | D:2      | Learned a level 1 spell: Apportation
  2090 | D:2      | Noticed Jessica
  2093 | D:2      | Killed Jessica
  2093 | D:2      | Reached skill level 6 in Spellcasting
  2714 | D:3      | Reached XP level 5. HP: 28/28 MP: 2/15
  2718 | D:3      | Noticed Robin
  2742 | D:4      | Noticed Dragonjude's ghost (weakling DsWn)
  3594 | D:3      | Killed Robin
  4179 | D:3      | Killed from afar by an orc wizard

Vault maps used:
D:1:      lemuel_arrival_cross, lexackson_kobold_supper
D:2:      minmay_bisected, uniq_jessica
D:3:      first_bread, uniq_robin
D:4:      cheibrodos_helix_gallery, minmay_small_thing, uniq_menkaure

Skill      XL: |  1  2  3  4  5 |
---------------+----------------+-----
Spellcasting   | 5 6 |  6.7
Stealth        | 3 |  3.5
Conjurations   | 2 3 |  3.5
Dodging        | 3 |  3.3
Summonings     | |  1.1
Translocations | |  1.1

Action                   |  1- 3 |  4- 6 || total
-------------------------+-------+-------++-------
Melee: Unarmed           |    20 |     2 ||    22
       Club              |       |    11 ||    11
 Cast: Magic Dart        |    93 |   168 ||   261
  Eat: Chunk             |     1 |     6 ||     7
       Royal jelly       |       |     1 ||     1
Armor: Robe              |     8 |    15 ||    23
Dodge: Dodged            |    41 |    76 ||   117
